Map: [ESL] Waterfall

Players

Solar - Winner!

  • Race: Zerg Zerg
  • League: Master
  • Spawn Location: 1:00

Spirit (souL)

  • Race: Terran Terran
  • Spawn Location: 7:00

VOD

Have the link to the VOD?

Description

Time

  • Played on: Oct. 23, 2022, 8:26 p.m.
  • Length: 15:23
Show
View Real Time Build Order
Export as new Build Order

Solar Zerg - Winner!

Build Orders: Hatch First, Lurkers 

Get SALT Encoding   

  12  0:00  Drone  
  13  0:12  Overlord  
  13  0:17  Drone  
  14  0:31  Drone x2  
  16  0:49  Hatchery  
  15  0:52  Drone  
  15  0:55  Drone  
  17  0:58  Drone  
  18  1:09  Extractor  
  17  1:13  Spawning Pool  
  17  1:17  Drone  
  17  1:21  Drone  
  18  1:29  Drone  
  19  1:40  Drone  
  20  1:49  Drone  
  21  2:00  Queen  
  21  2:01  Queen  
  25  2:11  Drone x2  
  27  2:16  Overlord  
  27  2:18  Drone  
  27  2:22  Hatchery  
  27  2:24  Drone  
  28  2:35  Drone x2  
  28  2:36  Queen  
  32  2:44  Overlord  
  32  2:46  Metabolic Boost  
  32  2:49  Drone  
  33  2:52  Drone  
  33  2:56  Drone x2  
  36  3:05  Drone x2  
  38  3:09  Queen  
  38  3:11  Drone x2  
  42  3:14  Overlord  
  42  3:19  Queen  
  44  3:24  Overlord  
  44  3:34  Drone x2  
  44  3:35  Queen, Drone x2  
  44  3:40  Drone x3  
  53  3:41  Drone  
  53  3:47  Zergling x2  
  55  3:48  Drone  
  55  3:49  Drone x3  
  55  3:54  Drone x2  
  61  3:59  Queen  
  61  4:01  Overlord  
  63  4:04  Zergling x4  
  64  4:12  Drone  
  64  4:15  Drone x2  
  65  4:18  Lair  
  65  4:20  Drone x2  
  65  4:22  Queen  
  69  4:26  Overlord  
  69  4:29  Drone x2  
  71  4:32  Extractor  
  71  4:33  Drone  
  71  4:34  Baneling Nest, Drone, Extractor  
  71  4:35  Drone  
  71  4:40  Zergling x4  
  71  4:45  Spore Crawler, Drone x3  
  74  4:48  Overlord  
  74  4:49  Drone x3  
  74  4:52  Spore Crawler  
  77  4:54  Spore Crawler, Drone  
  77  4:55  Drone  
  77  4:57  Drone x2  
  80  5:02  Evolution Chamber  
  80  5:03  Drone x2  
  80  5:06  Evolution Chamber  
  80  5:07  Drone x2, Extractor  
  80  5:08  Drone  
  80  5:13  Drone x3  
  85  5:17  Centrifugal Hooks  
  85  5:20  Overseer, Extractor  
  84  5:27  Overlord  
  84  5:28  Drone  
  84  5:29  Drone  
  84  5:30  Drone  
  84  5:31  Hatchery  
  84  5:32  Zergling x4  
  84  5:34  Zergling x2  
  89  5:39  Overlord  
  89  5:41  Overlord  
  89  5:44  Zerg Ground Armor Level 1  
  89  5:45  Zerg Melee Weapons Level 1  
  89  5:46  Drone x2  
  89  5:47  Zergling x4  
  93  5:51  Overlord  
  93  5:52  Drone  
  93  5:55  Zergling x6  
  97  5:57  Overlord  
  97  5:59  Zergling x6  
  97  6:00  Zergling x2  
  97  6:01  Zergling x2  
  102  6:06  Baneling x10  
  102  6:08  Drone x2  
  104  6:18  Drone x2  
  102  6:19  Drone x2  
  104  6:30  Overlord  
  104  6:32  Zergling x12  
  110  6:35  Zergling x2  
  110  6:36  Zergling x6  
  110  6:39  Hatchery  
  113  6:46  Drone x2  
  115  6:47  Drone x2  
  115  6:51  Hydralisk Den, Drone x2  
  115  6:52  Baneling x2  
  115  6:53  Baneling  
  115  6:54  Zergling x10  
  123  6:55  Overlord  
  123  7:00  Baneling x3  
  123  7:03  Zergling x4  
  123  7:07  Baneling x2  
  123  7:08  Zergling x12  
  131  7:14  Drone  
  132  7:15  Overlord  
  132  7:16  Pneumatized Carapace  
  132  7:18  Baneling x2  
  132  7:19  Zergling x4, Baneling x2  
  132  7:20  Drone  
  132  7:21  Drone x2  
  137  7:23  Grooved Spines, Drone x5  
  137  7:24  Drone  
  137  7:26  Overlord  
  137  7:28  Infestation Pit  
  142  7:30  Extractor  
  142  7:32  Drone x3  
  142  7:33  Overlord  
  142  7:35  Zergling x4  
  146  7:38  Baneling x2  
  146  7:39  Drone x2  
  146  7:40  Zerg Melee Weapons Level 2  
  148  7:44  Zergling x4  
  148  7:48  Zerg Ground Armor Level 2  
  149  7:51  Drone x4  
  149  7:52  Drone x2  
  149  7:53  Zergling x8  
  159  8:05  Hive  
  159  8:07  Hydralisk x4  
  159  8:10  Overlord  
  159  8:12  Overlord  
  165  8:14  Zergling x8  
  169  8:20  Spore Crawler  
  169  8:21  Extractor  
  169  8:22  Drone x3  
  169  8:23  Extractor  
  169  8:24  Lurker Den  
  169  8:25  Hatchery  
  169  8:26  Zergling x12  
  173  8:28  Overlord  
  173  8:30  Burrow  
  173  8:31  Overlord  
  173  8:34  Hydralisk x4  
  173  8:37  Zergling x6  
  173  8:39  Zergling x2  
  173  8:40  Zergling x4  
  186  8:41  Zergling x4  
  186  8:42  Zergling x2  
  186  8:43  Zergling x2  
  186  8:47  Baneling x11  
  189  8:50  Drone  
  186  8:56  Zergling x4  
  186  8:57  Zergling x14  
  195  9:07  Baneling x4  
  195  9:09  Drone  
  196  9:16  Hatchery  
  195  9:22  Viper  
  198  9:24  Adrenal Glands  
  195  9:31  Viper  
  195  9:33  Zergling x2  
  195  9:34  Zergling x14  
  197  9:38  Hatchery  
  197  9:40  Seismic Spines  
  195  9:46  Zergling x2  
  195  9:47  Zergling x8  
  197  9:53  Zergling x6  
  197  9:55  Zergling x20  
  197  9:56  Zerg Missile Weapons Level 1  
  199  10:00  Baneling x6  
  196  10:08  Zergling x8  
  170  10:15  Zergling x24  
  170  10:16  Zergling x8  
  170  10:19  Zergling x2  
  170  10:20  Zergling x2  
  175  10:23  Baneling x19  
  175  10:25  Zergling x12  
  175  10:26  Hydralisk  
  181  10:29  Zergling x2, Drone  
  181  10:30  Zergling x4  
  181  10:34  Muscular Augments  
  185  10:35  Zergling x4  
  185  10:36  Zergling x8  
  185  10:37  Adaptive Talons  
  185  10:39  Zergling x6  
  185  10:42  Baneling  
  194  10:43  Baneling x8  
  194  10:47  Zergling x12  
  184  11:06  Zergling x2  
  184  11:07  Zergling x26  
  171  11:12  Zerg Ground Armor Level 3, Zergling x2  
  171  11:13  Zergling x20  
  171  11:16  Zergling x12  
  171  11:17  Hydralisk  
  171  11:18  Hydralisk  
  168  11:19  Zergling x2, Baneling x2  
  168  11:20  Zergling x2  
  168  11:21  Zergling x2  
  168  11:25  Baneling x24  
  171  11:26  Baneling x6  
  171  11:28  Zergling x10  
  171  11:29  Zergling x10  
  171  11:31  Lurker x3  
  184  11:33  Lurker  
  184  11:37  Zergling x10  
  190  11:41  Zergling x10  
  190  11:46  Baneling x13  
  195  11:47  Drone  
  195  11:48  Zergling x2  
  195  11:49  Zergling x4  
  199  12:02  Zergling x2  
  199  12:08  Zergling x12  
  199  12:10  Zergling x6  
  195  12:17  Hatchery  
  171  12:23  Hydralisk x2  
  171  12:28  Zergling x24  
  171  12:29  Zergling x34  
  187  12:30  Zergling x4  
  187  12:33  Zergling x4  
  174  12:37  Zergling x4  
  174  12:39  Overseer x5  
  174  12:41  Baneling x11  
  174  12:42  Zergling x2  
  177  12:44  Lurker  
  177  12:45  Lurker  
  177  12:47  Zergling x8  
  177  12:50  Zergling x10  
  188  12:53  Zergling x2  
  188  12:54  Zergling x6  
  188  12:56  Hatchery  
  192  13:00  Baneling x7  
  192  13:01  Baneling x10  
  192  13:02  Drone x2  
  194  13:07  Zergling x10  
  194  13:10  Zergling x2  
  195  13:28  Zergling x14  
  195  13:29  Zergling x2  
  174  13:36  Zergling x36  
  174  13:37  Hydralisk x4  
  174  13:38  Zergling x8  
  185  13:43  Zergling x8  
  185  13:46  Hydralisk  
  185  13:48  Zergling x2, Hydralisk  
  188  13:49  Zergling x4  
  188  13:51  Baneling x6  
  188  13:52  Baneling  
  188  14:01  Zergling x2  
  173  14:04  Zergling x4  
  173  14:08  Hydralisk x9  
  185  14:11  Zergling x8  
  185  14:15  Zergling x8  
  190  14:18  Zergling x10  
  190  14:23  Hydralisk x2  
  199  14:26  Baneling x8  
  199  14:27  Baneling x9  
  199  14:28  Baneling  
  199  14:36  Hatchery  
  199  14:37  Zergling x4  
  199  14:43  Zergling x4  
  189  14:53  Zergling x20  
  189  14:55  Zergling x2  
  198  15:06  Zergling x8  
  194  15:15  Hatchery  
Show
View Real Time Build Order
Export as new Build Order

Spirit Terran 

Build Orders: Command Center First (CC), Hellion Banshee 

Get SALT Encoding   

  12  0:00  SCV  
  13  0:12  SCV  
  14  0:17  Supply Depot  
  14  0:24  SCV  
  15  0:39  SCV  
  16  0:51  SCV  
  17  1:01  Command Center  
  17  1:04  SCV  
  18  1:14  Barracks  
  18  1:17  SCV  
  19  1:23  Refinery  
  19  1:29  SCV  
  19  1:31  Refinery  
  20  1:42  SCV  
  21  1:54  SCV  
  22  2:01  Reaper  
  23  2:06  Orbital Command  
  23  2:13  Orbital Command  
  23  2:21  Factory  
  23  2:32  SCV  
  23  2:33  Barracks Reactor  
  24  2:39  SCV  
  24  2:44  SCV  
  26  2:51  SCV  
  27  2:56  Command Center, SCV  
  28  3:03  SCV  
  29  3:06  Starport  
  29  3:09  SCV  
  29  3:11  Supply Depot  
  30  3:15  SCV, Hellion  
  30  3:17  Hellion  
  35  3:21  Barracks Tech Lab  
  35  3:23  SCV  
  36  3:27  SCV  
  37  3:35  SCV  
  37  3:37  Hellion  
  37  3:38  Hellion  
  37  3:39  SCV  
  43  3:47  SCV  
  44  3:49  Supply Depot  
  44  3:50  Cloaking Field  
  44  3:51  SCV  
  45  4:00  SCV  
  46  4:07  Banshee  
  46  4:08  Hellion x2  
  53  4:12  SCV  
  53  4:14  Orbital Command  
  53  4:15  Barracks Tech Lab  
  53  4:16  SCV  
  50  4:23  Supply Depot  
  50  4:24  SCV  
  50  4:28  SCV  
  56  4:36  Command Center, Stimpack, SCV  
  56  4:37  Marine  
  54  4:40  SCV  
  54  4:41  Orbital Command  
  55  4:48  SCV  
  55  4:50  Banshee  
  63  4:52  SCV  
  63  4:53  Supply Depot  
  63  4:54  Marine  
  63  4:58  Command Center  
  61  5:00  SCV  
  61  5:03  Refinery  
  61  5:04  Refinery, Factory Reactor, Barracks  
  62  5:07  Barracks  
  62  5:08  SCV x2  
  62  5:12  Engineering Bay, SCV  
  62  5:13  Engineering Bay  
  62  5:14  Marine  
  65  5:20  SCV x2  
  68  5:24  SCV  
  68  5:26  Supply Depot  
  69  5:31  Barracks  
  69  5:32  SCV  
  69  5:33  Barracks  
  69  5:34  Supply Depot  
  69  5:35  Bunker  
  70  5:38  SCV  
  70  5:39  Terran Infantry Weapons Level 1  
  70  5:41  Terran Infantry Armor Level 1  
  71  5:44  SCV x2, Starport Reactor  
  73  5:50  SCV, Marine  
  73  5:56  SCV x2  
  77  6:02  SCV  
  78  6:07  Supply Depot, Marine  
  78  6:08  SCV  
  78  6:09  Marine x4  
  78  6:10  Supply Depot  
  84  6:11  Siege Tank  
  84  6:16  Combat Shield  
  84  6:18  SCV  
  88  6:19  SCV  
  88  6:21  Barracks Reactor x2  
  88  6:24  Barracks Tech Lab  
  88  6:25  Marine  
  89  6:27  SCV, Marine x4  
  89  6:30  Medivac  
  89  6:31  SCV  
  95  6:32  Medivac  
  95  6:34  SCV  
  99  6:41  Supply Depot  
  99  6:42  Refinery x2  
  99  6:43  Supply Depot  
  99  6:44  Marauder  
  99  6:45  Marine x3  
  99  6:46  Marauder, Marine  
  104  6:49  Siege Tank  
  104  6:51  Armory  
  104  6:54  SCV x2  
  108  6:56  SCV  
  108  7:01  Marine x2  
  110  7:03  Marine x3  
  110  7:04  Planetary Fortress  
  110  7:05  Marauder  
  110  7:06  SCV x2  
  110  7:07  Marauder  
  120  7:08  SCV  
  120  7:10  Supply Depot  
  120  7:11  Supply Depot, Marine  
  122  7:16  Medivac  
  122  7:17  Medivac  
  122  7:19  Marine x2  
  122  7:20  Concussive Shells  
  122  7:21  SCV x2  
  122  7:22  Marine  
  130  7:24  SCV, Marine x2  
  130  7:26  Marauder  
  136  7:32  Siege Tank  
  136  7:33  SCV  
  136  7:34  SCV  
  141  7:40  Supply Depot  
  141  7:42  Supply Depot  
  141  7:46  SCV  
  141  7:47  Sensor Tower  
  141  7:48  Terran Infantry Weapons Level 2  
  141  7:49  Command Center  
  149  7:53  Marauder x2, Marine x2  
  149  7:54  SCV  
  149  7:58  Terran Infantry Armor Level 2  
  149  7:59  SCV x2  
  149  8:00  SCV  
  149  8:03  Supply Depot  
  149  8:04  Supply Depot  
  149  8:05  Supply Depot, Siege Tank  
  154  8:14  Marauder  
  154  8:17  Refinery x2  
  156  8:23  Marauder, Marine  
  156  8:26  Factory  
  159  8:28  Medivac  
  159  8:29  Barracks  
  159  8:30  Barracks  
  159  8:31  Barracks, Medivac  
  163  8:36  Marauder  
  163  8:37  Siege Tank  
  168  8:44  Marauder, Marine x6  
  169  8:57  Marauder  
  169  9:02  Marine x3  
  172  9:07  Marine x4  
  179  9:10  Siege Tank  
  179  9:12  Command Center  
  179  9:14  Sensor Tower  
  179  9:15  Barracks Tech Lab  
  179  9:18  Marine  
  179  9:20  Marine x3  
  179  9:22  Supply Depot, Factory Tech Lab  
  183  9:28  Barracks Tech Lab  
  183  9:29  Barracks Tech Lab  
  180  9:42  Siege Tank  
  183  9:45  Marine  
  183  9:49  Command Center  
  183  9:51  Command Center  
  181  10:00  Ghost Academy, Siege Tank  
  181  10:05  Medivac  
  181  10:06  Medivac  
  186  10:11  Marine x5  
  186  10:12  Marine  
  186  10:13  Marine  
  186  10:14  Siege Tank  
  158  10:24  Marine x2  
  158  10:25  Marine x2  
  162  10:28  Marine  
  162  10:32  Siege Tank  
  162  10:33  Planetary Fortress  
  166  10:37  Orbital Command  
  168  10:46  Siege Tank  
  171  10:54  Sensor Tower  
  171  10:55  Missile Turret, Ghost  
  171  10:56  Missile Turret  
  167  11:04  Siege Tank  
  167  11:05  Ghost  
  167  11:06  Ghost  
  154  11:13  Marine  
  154  11:18  Siege Tank, Marine x2  
  154  11:24  SCV x4  
  154  11:25  Orbital Command  
  155  11:27  Orbital Command  
  155  11:29  SCV  
  156  11:35  Ghost x3  
  156  11:36  SCV, Ghost x2  
  156  11:38  Marine x5  
  156  11:39  SCV  
  173  11:44  SCV  
  173  11:45  Missile Turret  
  173  11:46  Sensor Tower  
  174  11:48  Marine  
  175  11:56  Marine  
  175  11:59  Refinery  
  175  12:01  Missile Turret  
  176  12:02  Siege Tank  
  176  12:04  Ghost x3  
  176  12:05  Marauder x2  
  189  12:12  Siege Tank  
  179  12:20  Marine x3  
  167  12:23  Marine x3  
  167  12:25  Ghost  
  167  12:26  Marauder  
  165  12:32  Marine  
  165  12:34  Siege Tank  
  165  12:36  Marine x2  
  157  12:38  Marine x3  
  163  12:45  Siege Tank  
  170  12:53  Orbital Command  
  164  12:59  Marauder  
  164  13:00  Marauder x4  
  164  13:02  Marine  
  174  13:06  Siege Tank  
  177  13:14  Marine  
  177  13:16  Marine  
  177  13:17  Sensor Tower, Siege Tank  
  182  13:20  Personal Cloaking  
  182  13:21  Marauder x3, Marine  
  182  13:22  Marine  
  182  13:24  Marine  
  183  13:28  Orbital Command  
  170  13:38  Siege Tank  
  170  13:40  Marine  
  143  13:43  Marauder x2, Marine x7  
  148  13:49  Siege Tank  
  148  13:51  Medivac x2  
  148  13:53  Marine  
  156  14:00  Orbital Command  
  141  14:10  Siege Tank, Marine x9  
  137  14:21  Medivac x2, Siege Tank, Marine, Marauder  
  140  14:28  Marine  
  140  14:29  SCV x2  
  143  14:33  Marine  
  143  14:35  Marine  
  143  14:38  Marine  
  143  14:40  Marine x4  
  143  14:42  Siege Tank  
  138  15:02  Marine  
Tags
 
Add a new tag
Caveats
  • Supply blocks, unpowered buildings, or Contaminate may cause inaccurate times.
  • Supply counts are checked every 10 seconds.